 Dungeon Crawl Stone Soup version 0.27.1-4-g1640c2035a (webtiles) character file.

Game seed: 1534902538359075163

613 Stomo444 the Gusty (level 7, -6/35 HPs)
             Began as a Vine Stalker Air Elementalist on Nov 12, 2021.
             Killed by vampiric draining
             ... invoked by a vampire
              (15 damage)
             ... on level 5 of the Dungeon.
             The game lasted 00:16:03 (5539 turns).

Stomo444 the Gusty (Vine Stalker Air Elementalist)  Turns: 5539, Time: 00:16:04

Health: -6/35      AC:  3    Str: 16 (18) XL:     7   Next: 44%
Magic:  0/14       EV: 13    Int: 13 (15) God:
Gold:   180        SH:  0    Dex: 13 (15) Spells: 4/14 levels left

rFire    . . .     SeeInvis .   d - +1 whip (chaos)
rCold    . . .     Faith    .   (no shield)
rNeg     . . .     Spirit   +   a - +0 robe
rPois    .         Reflect  .   (no helmet)
rElec    .         Harm     .   (no cloak)
rCorr    .         Rampage  .   (no gloves)
Will     .....                  p - +0 pair of boots
Stlth    ++........             h - amulet of magic regeneration
HPRegen  1.11/turn              e - +6 ring of strength
MPRegen  0.39/turn              (no ring)

@: no status effects
A: fangs 2, regeneration 1, magic shield, antimagic bite, no potion heal 2
a: no special abilities


You were on level 5 of the Dungeon.
You visited 1 branch of the dungeon, and saw 5 of its levels.

You collected 180 gold pieces.

Inventory:

Hand Weapons
 c - a +0 club
 d - a +1 whip of chaos (weapon)
Armour
 a - a +0 robe (worn)
 p - a +0 pair of boots (worn)
Jewellery
 e - a +6 ring of strength (left hand)
 h - an amulet of magic regeneration (around neck)
 n - a ring of resist corrosion
Wands
 j - a wand of flame (14)
 r - a wand of iceblast (9)
Scrolls
 b - 5 scrolls of identify
 i - a scroll of enchant armour
 l - a scroll of amnesia
 o - a scroll of immolation {unknown}
Potions
 f - 2 potions of haste
 g - 2 potions of degeneration
 k - a potion of magic
 m - a potion of heal wounds {unknown}
 q - 3 potions of curing {unknown}
 s - a potion of berserk rage {unknown}
 t - a potion of lignification {unknown}


   Skills:
 + Level 2.8 Fighting
 + Level 2.7 Maces & Flails
 + Level 3.1 Dodging
 - Level 2.4 Stealth
 + Level 4.1 Spellcasting
 - Level 1.5 Conjurations
 + Level 4.5 Air Magic


You had 4 spell levels left.
You knew the following spells:

 Your Spells              Type           Power      Damage    Failure   Level
a - Shock                 Conj/Air       40%        1d5       6%          1
b - Static Discharge      Conj/Air       10%        N/A       9%          2
c - Swiftness             Air            14%        N/A       10%         3
d - Airstrike             Air            7%         N/A       30%         4

Your spell library contained the following spells:

 Spells                   Type           Power      Damage    Failure   Level
 Sandblast                Erth           4%         2d4       21%         1
 Passwall                 Tmut/Erth      1%         N/A       30%         2
 Sticky Flame             Conj/Fire      4%         2d3       83%         4
 Dispel Undead            Necr           2%         3d7       90%         4
 Leda's Liquefaction      Hex/Erth       1%         N/A       90%         4
 Bolt of Magma            Conj/Fire/Erth 2%         4d4       99%         5
 Lee's Rapid Deconstruct  Erth           1%         3d5*      99%         5
 Statue Form              Tmut/Erth      1%         N/A       100%        6


Dungeon Overview and Level Annotations

Branches:
Dungeon (5/15)
 Temple: D:4-7

Altars:
Dithmenos
Ru
Zin
The Shining One

Shops:
D:4 *


Innate Abilities, Weirdness & Mutations

You have extremely sharp teeth.
Your natural rate of healing is unusually fast.
When hurt, damage is shared between your health and your magic reserves.
Your bite disrupts and absorbs the magic of your enemies.
Potions cannot restore your health.


Message History

The vampire barely misses you. The vampire closely misses you.
Casting: Static Discharge (safe; 9% risk of failure)
Confirm with . or Enter, or press ? or * to list all spells.
The vampire is struck by an arc of lightning.
The vampire is heavily damaged.
You are struck by an arc of lightning.
The lightning grounds out.
The vampire draws life force from you!
The vampire is healed by the life force!
Casting: Static Discharge (safe; 9% risk of failure)
Confirm with . or Enter, or press ? or * to list all spells.
The vampire is struck by an arc of lightning.
The vampire is moderately damaged.
You are struck by an arc of lightning.
The lightning grounds out.
The vampire barely misses you.
The vampire bites you but does no damage.
You hit the vampire but do no damage. Lightning courses through the vampire!!
Your bite misses the vampire.
The vampire is almost destroyed.
The vampire hits you. The vampire bites you!
The vampire draws strength from your injuries!
Casting: Static Discharge (safe; 9% risk of failure)
Confirm with . or Enter, or press ? or * to list all spells.
Okay, then.
You barely miss the vampire. Your bite misses the vampire.
The vampire is severely damaged.
The vampire draws life force from you.
* * * LOW HITPOINT WARNING * * *
The vampire is healed by the life force!
Unknown command.
The vampire hits you but does no damage.
The vampire completely misses you.
Unknown command.
Casting: Static Discharge (safe; 9% risk of failure)
Confirm with . or Enter, or press ? or * to list all spells.
The vampire is struck by an arc of lightning!
The vampire is almost destroyed.
You are struck by an arc of lightning.
* * * LOW HITPOINT WARNING * * *
The lightning grounds out.
The vampire draws life force from you!
You die...

.>######.#....
..##.#...##.#.###
###.##.#.#.##.#...#
#<#.##.#......###.#
#.#.##.###.######†#
#.#.#..V..........{
#.#.##.####.#####.#
#.#.##.####.# #.#
#.@V......#.# ..#
####......#.# ####
#......#.# #
###.####.# # #.#
#.# # ... ..# #
#.## ### # #.# # #


You could see a vampire.

Vanquished Creatures
  Sigmund (D:2)
  A scorpion (D:3)
  A phantom (D:5)
  A jelly (D:2)
  2 iguanas (D:4)
  5 gnolls
  A howler monkey zombie (D:5)
  8 adders
  A worm (D:2)
  8 dart slugs
  4 orcs (D:4)
  8 endoplasms
  2 giant cockroaches (D:2)
  9 goblins
  10 hobgoblins
  2 jackals (D:1)
  5 quokkas
  11 ball pythons
  6 bats
  8 frilled lizards
  11 kobolds
  7 rats
112 creatures vanquished.

Vanquished Creatures (collateral kills)
  A scorpion (D:3)
  A goblin (D:3)
2 creatures vanquished.

Vanquished Creatures (others)
  A plant (D:4)
1 creature vanquished.

Grand Total: 115 creatures vanquished

Notes
Turn   | Place    | Note
-------+----------+-------------------------------------------
     0 | D:1      | Stomo444 the Vine Stalker Air Elementalist began the quest
                  | for the Orb.
     0 | D:1      | Reached XP level 1. HP: 9/9 MP: 4/4
   259 | D:1      | Reached XP level 2. HP: 12/13 MP: 0/6
   509 | D:1      | Learned a level 2 spell: Static Discharge
   884 | D:1      | Found a faded altar of an unknown god.
   894 | D:1      | Reached XP level 3. HP: 17/17 MP: 3/7
  1757 | D:2      | Gained mutation: Your natural rate of healing is unusually
                  | fast. [Vine Stalker growth]
  1757 | D:2      | Reached XP level 4. HP: 12/21 MP: 0/9
  1850 | D:2      | Reached skill level 1 in Fighting
  2132 | D:2      | Reached skill level 1 in Maces & Flails
  2435 | D:2      | Noticed Sigmund
  2743 | D:3      | Learned a level 3 spell: Swiftness
  3149 | D:3      | Noticed a scorpion
  3167 | D:3      | Killed a scorpion
  3168 | D:3      | Reached XP level 5. HP: 10/25 MP: 1/10
  3180 | D:3      | Killed a scorpion
  3413 | D:2      | Killed Sigmund
  3414 | D:2      | Reached XP level 6. HP: 6/30 MP: 3/12
  3422 | D:2      | HP: 1/30 [poisoned by a hobgoblin]
  4313 | D:3      | Found a sacrificial altar of Ru.
  4448 | D:4      | Reached XP level 7. HP: 35/35 MP: 9/13
  4461 | D:4      | Found a shadowy altar of Dithmenos.
  4624 | D:4      | Found Zin's Purification Station.
  4629 | D:4      | Found a glowing silver altar of Zin.
  5129 | D:4      | Found a glowing golden altar of the Shining One.
  5174 | D:5      | Entered Level 5 of the Dungeon
  5217 | D:5      | Noticed a vampire
  5488 | D:5      | Learned a level 4 spell: Airstrike
  5539 | D:5      | Killed from afar by a vampire

Illustrated notes

Levels and vault maps discovered:
D:1:      dpeg_arrival_solitude, layout_loops_corners,
          chequers_ecumenical_altar_simple_redux
D:2:      kennysheep_six_static_rooms, layout_loops_cross, uniq_sigmund
D:3:      kennysheep_big_flooded_room, layout_rooms,
          nicolae_ru_the_path_less_chosen, interstate_on_off
D:4:      layout_rooms, old_standard_altar, tso_oasis_becter, zin_purify,
          kennysheep_path_1, solitary_fountain, dk_vineyard_3
D:5:      layout_basic, uniq_grinder, uniq_pikel

Skill      XL: |  1  2  3  4  5  6  7 |
---------------+----------------------+-----
Fighting       | 1 2 |  2.8
Dodging        | 2 3 |  3.1
Maces & Flails | 1 2 |  2.7
Spellcasting   | 3 4 |  4.1
Air Magic      | 4 |  4.5
Stealth        | |  2.4
Conjurations   | |  1.5

Action                   |  1- 3 |  4- 6 |  7- 9 || total
-------------------------+-------+-------+-------++-------
Melee: Unarmed           |     7 |       |       ||     7
       Whip              |    10 |    38 |    14 ||    62
       Club              |     4 |       |       ||     4
       Bite              |     3 |     8 |     5 ||    16
 Cast: Shock             |    75 |   105 |    65 ||   245
       Static Discharge  |     3 |    11 |    11 ||    25
       Swiftness         |       |       |     2 ||     2
  Use: Scroll            |       |     6 |       ||     6
       Potion            |       |     3 |       ||     3
 Stab: Sleeping          |       |     1 |       ||     1
       Confused          |       |       |     1 ||     1
Armor: Robe              |     7 |     7 |     3 ||    17
Dodge: Dodged            |    29 |    37 |    16 ||    82
